 Dungeon Crawl Stone Soup version 0.28-a0-1339-ga5422284a4 (webtiles) character file.

Game seed: 1187815433571488113

3093 porpoise the Thaumaturge (level 9, -8/45 HPs)
             Began as a Deep Elf Conjurer on Dec 29, 2021.
             Was an Initiate of Ashenzari.
             Mangled by a vampire (28 damage)
             ... in a bailey.
             The game lasted 00:33:18 (9380 turns).

porpoise the Thaumaturge (Deep Elf Conjurer)        Turns: 9380, Time: 00:33:18

Health: -8/45      AC:  4    Str:  6    XL:     9   Next: 59%
Magic:  7/26       EV: 12    Int: 26    God:    Ashenzari [......]
Gold:   345        SH:  0    Dex: 13    Spells: 19/30 levels left

rFire   . . .      SeeInvis .   b - +1 hunting sling
rCold   . . .      Faith    .   (no shield)
rNeg    . . .      Spirit   .   c - +0 robe
rPois   .          Reflect  .   n - +0 helmet "Perceptive Anxiety" {Cun, Self} (curse)
rElec   .          Harm     .   r - +0 cloak
rCorr   .          Rampage  .   (no gloves)
Will    .....                   (no boots)
Stlth   ++++......              (no amulet)
HPRegen 0.15/turn               (no ring)
MPRegen 0.20/turn               (no ring)

@: studying Necromancy
A: no striking features
a: Renounce Religion, Shatter the Chains


You were in a bailey.
You worshipped Ashenzari.
Ashenzari was noncommittal.
You visited 2 branches of the dungeon, and saw 8 of its levels.
You also visited: Bailey.

You collected 345 gold pieces.

Inventory:

Hand Weapons
 a - a +2 dagger of draining
 b - a +1 hunting sling (weapon)
 x - a +1 vampiric short sword
Missiles
 i - 17 sling bullets
 o - 4 atropa-tipped darts
 w - 106 stones (quivered ammo)
 z - 40 poisoned darts
 B - a boomerang
Armour
 c - a +0 robe (worn)
 n - the cursed +0 helmet "Perceptive Anxiety" (worn) {Cun, Self}
   (You found it on level 4 of the Dungeon)

   It has a curse which improves the following skills: Cunning: Dodging and
   Stealth.
   Introspection: Fighting and Spellcasting.
 r - a +0 cloak (worn)
 t - an orb of light
 u - a +0 troll leather armour
 y - a +0 buckler
Magical Staves
 f - a staff of air
 k - a staff of conjuration
Wands
 e - a wand of iceblast (16)
 A - a wand of charming (14)
Scrolls
 h - a scroll of fear
 j - a scroll of immolation {unknown}
 s - 5 scrolls of teleportation
Potions
 d - a potion of mutation
 g - 2 potions of curing
 l - a potion of flight
 p - a potion of cancellation {unknown}
 q - a potion of brilliance {unknown}
 v - 2 potions of haste {unknown}


   Skills:
 - Level 2.4(2.8) Dodging
 - Level 7.0(7.5) Stealth
 * Level 10.6(11.1) Spellcasting
 - Level 7.0 Conjurations
 - Level 7.0 Hexes
 - Level 5.0 Translocations
 + Level 4.5 Evocations


You had 19 spell levels left.
You knew the following spells:

 Your Spells              Type           Power      Damage    Failure   Level
a - Magic Dart            Conj           100%       1d8       1%          1
b - Searing Ray           Conj           100%       2d8       1%          2
c - Fulminant Prism       Conj/Hex       25%        3d14      2%          4
d - Iskenderun's Mystic   Conj/Tloc      45%        2d10      3%          4

Your spell library contained the following spells:

 Spells                   Type           Power      Damage    Failure   Level
 Dazzling Flash           Conj/Hex       100%       N/A       1%          3


Dungeon Overview and Level Annotations

Branches:
Dungeon (7/15)             Temple (1/1) D:5          Bailey (1/1)

Altars:
Ashenzari
Cheibriados
Dithmenos
Elyvilon
Fedhas
Gozag
Hepliaklqana
Kikubaaqudgha
Makhleb
Nemelex Xobeh
Okawaru
Qazlal
Ru
Sif Muna
Trog
Uskayaw
Vehumet
Wu Jian
Xom
Yredelemnul
Zin
The Shining One

Annotations:
D:6 3 runed translucent doors, StanTheBootyMan's ghost, novice MiBe


Message History

(Press . to maintain the ray.)
Something hits you.
Your fulminant prism crackles loudly.
The searing ray hits the vampire!
The vampire is moderately damaged.
You hear some strange, mumbled words.
You are confused.
Your fulminant prism explodes!
The blast of energy engulfs the vampire.
The vampire is heavily damaged.
The blast of energy engulfs something.
Reactivating autopickup.
You feel a bit more experienced.
You're too confused to cast spells.
You bump into the stone wall.
The vampire barely misses you.
Unknown command.
You feel better.
The vampire drinks a potion.
The vampire seems to grow stronger.
Aiming: Iceblast
Press: ? - help, Shift-Dir - straight line, f/p - vampire
Aim: a vampire, wielding a +2 vampiric halberd and wearing a +0 scale mail (heavily damaged, strong)
The mass of ice explodes!
The iceblast engulfs the vampire!
The vampire partially resists.
The vampire is almost destroyed.
The vampire hits you from afar with a +2 vampiric halberd!!
Ouch! That really hurt!
* * * LOW HITPOINT WARNING * * *
The vampire draws strength from your wounds!
You feel much better.
The vampire hits you from afar with a +2 vampiric halberd!
The vampire draws strength from your wounds!
Aiming: Iceblast
Press: ? - help, Shift-Dir - straight line, f/p - vampire
Aim: a vampire, wielding a +2 vampiric halberd and wearing a +0 scale mail (heavily damaged, strong)
The mass of ice explodes!
The iceblast engulfs the vampire.
The vampire partially resists.
The vampire is severely damaged.
The vampire hits you from afar with a +2 vampiric halberd!!
Ouch! That really hurt!
You die...

#......#######....
+......+ +..####.
#####''### #.....##
#8.....# #......'
#......# #).....#
#......######...♣..#
#..)##.........♣...#
#..).##............#
##.@..#..........♣.#
##)..##..♣.♣......'
#....(V.##..♣♣....♣...#
###....##...♣........##
##...#...)...........
##(.#...)...........
#(.#.............##
'..#...............
+..#.......##'#...)


You could see a vampire (strong).

Vanquished Creatures
  A gargoyle (Bailey)
  A troll (D:7)
  A vampire (Bailey)
  An ice beast (D:5)
  A sky beast (D:5)
  2 orc warriors
  2 necrophages (D:5)
  2 ogres
  Blork the orc (D:5)
  A kobold brigand (D:5)
  2 bullfrogs (D:6)
  2 scorpions
  8 vampire bats (Bailey)
  7 wolf zombies (Bailey)
  2 bullfrog zombies
  2 orc priests
  2 jellies
  Crazy Yiuf (D:4)
  A centaur skeleton (D:5)
  A gnoll shaman (D:4)
  An iguana (D:4)
  6 orc wizards
  A hound skeleton (D:3)
  Robin (D:3)
  4 gnolls (D:3)
  7 adders
  A shadow imp (D:6)
  A white imp (D:5)
  2 ufetubi
  An adder skeleton (D:4)
  A worm (D:5)
  A dart slug (D:1)
  18 orcs
  5 bats
  2 endoplasms
  3 giant cockroaches
  9 hobgoblins
  4 jackals (D:2)
  8 kobolds
  6 quokkas
  12 ball pythons
  4 frilled lizards
  21 goblins
  16 orc zombies (Bailey)
  5 rats
181 creatures vanquished.

Vanquished Creatures (collateral kills)
  An orc (D:6)
1 creature vanquished.

Vanquished Creatures (others)
  19 fulminant prisms
  3 fungi (D:4)
22 creatures vanquished.

Grand Total: 204 creatures vanquished

Notes
Turn   | Place    | Note
-------+----------+-------------------------------------------
     0 | D:1      | porpoise the Deep Elf Conjurer began the quest for the Orb.
     0 | D:1      | Reached XP level 1. HP: 10/10 MP: 6/6
   168 | D:1      | Reached XP level 2. HP: 15/15 MP: 2/8
   184 | D:1      | Learned a level 2 spell: Searing Ray
   256 | D:1      | You fall into a shaft and drop 1 floor!
   301 | D:2      | Found a faded altar of an unknown god.
   428 | D:1      | Reached XP level 3. HP: 19/19 MP: 6/10
   628 | D:1      | Reached skill level 4 in Spellcasting
   971 | D:2      | Noticed a scorpion
   976 | D:2      | Killed a scorpion
   977 | D:2      | Reached skill level 5 in Conjurations
   977 | D:2      | Reached XP level 4. HP: 21/24 MP: 5/12
  1122 | D:2      | Found a hazy altar of Hepliaklqana.
  1844 | D:3      | Reached skill level 5 in Spellcasting
  1946 | D:3      | Noticed Robin
  1950 | D:3      | Reached XP level 5. HP: 28/28 MP: 10/14
  1954 | D:3      | Killed Robin
  2546 | D:3      | Noticed an ogre
  2553 | D:3      | Killed an ogre
  2554 | D:3      | Reached skill level 6 in Spellcasting
  2554 | D:3      | Reached XP level 6. HP: 29/32 MP: 7/17
  2587 | D:3      | Learned a level 4 spell: Fulminant Prism
  2592 | D:3      | Learned a level 4 spell: Iskenderun's Mystic Blast
  2836 | D:3      | Reached skill level 1 in Hexes
  3483 | D:4      | Noticed an orc warrior
  3497 | D:4      | Killed an orc warrior
  3545 | D:4      | Reached XP level 7. HP: 36/36 MP: 4/19
  4109 | D:4      | Found a runed translucent door.
  4110 | D:4      | Noticed Crazy Yiuf
  4116 | D:4      | Killed Crazy Yiuf
  4117 | D:4      | Reached skill level 5 in Stealth
  4117 | D:4      | Reached skill level 7 in Spellcasting
  4241 | D:5      | Entered Level 5 of the Dungeon
  4436 | D:5      | Reached skill level 1 in Translocations
  4728 | D:5      | Noticed Blork the orc
  4731 | D:5      | Killed Blork the orc
  4747 | D:5      | Reached skill level 5 in Hexes
  4920 | D:5      | Reached XP level 8. HP: 34/41 MP: 12/20
  5430 | D:5      | Found a staircase to the Ecumenical Temple.
  6391 | D:6      | Reached skill level 5 in Translocations
  6504 | D:6      | Found a runed translucent gate.
  6508 | D:6      | Found a runed translucent gate.
  6509 | D:6      | Found a runed translucent gate.
  6511 | D:6      | Noticed StanTheBootyMan's ghost (novice MiBe)
  7043 | Temple   | Entered the Ecumenical Temple
  7282 | Temple   | Became a worshipper of Ashenzari the Shackled
  7455 | D:6      | Reached skill level 1 in Evocations
  7675 | D:7      | Found an iron altar of Okawaru.
  7686 | D:7      | Noticed a troll
  7691 | D:7      | Killed a troll
  7692 | D:7      | Reached XP level 9. HP: 45/45 MP: 14/22
  7718 | D:7      | Reached skill level 8 in Spellcasting
  7943 | D:7      | Found a flagged portal.
  7948 | D:7      | Noticed a gargoyle
  7951 | Bailey   | Entered a bailey
  9094 | Bailey   | Reached skill level 9 in Spellcasting
  9312 | Bailey   | Noticed a gargoyle
  9321 | Bailey   | Killed a gargoyle
  9322 | Bailey   | Reached skill level 10 in Spellcasting
  9380 | Bailey   | Mangled by a vampire

Illustrated notes

Levels and vault maps discovered:
D:1:      psy_arrival_terrarium, layout_rooms
D:2:      layout_loops_ring, basic_altar, hellmonk_ecumenical_altar_crossroads
D:3:      layout_basic, minmay_ogre_servants, uniq_robin
D:4:      layout_rooms, minmay_manual_monstrance, uniq_crazy_yiuf_cottage
D:5:      layout_rooms, minmay_temple_entry_from_below_a, serial_curves,
          eino_curves_02, eino_curves_03, chequers_serial_rivers_small_b,
          roderic_roman_lattice, uniq_blork_the_orc
D:6:      layout_basic, ebering_ghost_rock_garden
D:7:      layout_basic, okawaru_gym_becter, enter_bailey_6, uniq_joseph
Temple:   nicolae_temple_the_god_donut
Bailey:   bailey_polearm_vampire_castle_hellmonk, bailey

Skill      XL: |  1  2  3  4  5  6  7  8  9 |
---------------+----------------------------+-----
Stealth        | 3 4 6 7 |  7.0
Spellcasting   | 4 5 6 7 10 | 10.6
Conjurations   | 5 6 7 |  7.0
Hexes          | 2 5 7 |  7.0
Translocations | 3 5 |  5.0
Evocations     | 1 4 |  4.5
Dodging        | |  2.4

Action                   |  1- 3 |  4- 6 |  7- 9 || total
-------------------------+-------+-------+-------++-------
Melee: Dagger            |       |       |     6 ||     6
 Fire: Hunting sling     |       |       |    45 ||    45
 Cast: Magic Dart        |    41 |    38 |    11 ||    90
       Searing Ray       |     3 |    26 |    58 ||    87
       Fulminant Prism   |       |     2 |    17 ||    19
       Iskenderun's Myst |       |     1 |     6 ||     7
Invok: Curse Item        |       |       |     1 ||     1
Evoke: Wand              |       |       |     5 ||     5
  Use: Scroll            |       |     4 |     7 ||    11
       Potion            |       |       |     2 ||     2
Armor: Robe              |       |     3 |    16 ||    19
Dodge: Dodged            |     2 |     9 |    23 ||    34

Table legend: (Time is in decaauts)
 A = Elapsed time spent in this place.
 B = Non-inter-level travel time spent in this place.
 C = Inter-level travel time spent in this place.
 D = Time resting spent in this place.
 E = Time spent auto-exploring this place.
 F = Levels seen in this place.
 G = Mean time per level.
                   A        B        C        D        E       F      G
               +--------+--------+--------+--------+--------+-----+--------+
         Total |   9383 |   9153 |    230 |   5096 |   2803 |   9 | 1042.6 |
       Dungeon |   7705 |   7504 |    201 |   3942 |   2562 |   7 | 1100.7 |
        Temple |    247 |    218 |     29 |      0 |    196 |   1 |  247.0 |
        Bailey |   1430 |   1430 |      0 |   1154 |     45 |   1 | 1430.0 |
               +--------+--------+--------+--------+--------+-----+--------+

Top non-repeatable levels by time:
     D:5: 2093 daAuts
     D:3: 1508 daAuts
  Bailey: 1430 daAuts
     D:6: 1092 daAuts
     D:2: 1080 daAuts
     D:4: 1049 daAuts
     D:1: 601 daAuts
     D:7: 280 daAuts
  Temple: 247 daAuts
